 Dungeon Crawl Stone Soup version 0.30-a0-852-g08b95dd62f (webtiles) character file.

Game seed: 335570197582759649

813 BubbleThief the Poker (level 7, -10/57 HPs)
             Began as a Demonspawn Cinder Acolyte on Mar 5, 2023.
             Was a High Priest of Ignis.
             Mangled by Crazy Yiuf
             ... wielding a +3 quarterstaff of chaos
              (16 damage)
             ... on level 4 of the Dungeon.
             The game lasted 00:04:42 (3182 turns).

BubbleThief the Poker (Demonspawn Cinder Acolyte)   Turns: 3182, Time: 00:04:43

Health: -10/57     AC:  8    Str: 17    XL:     7   Next: 61%
Magic:  0/8        EV: 10    Int: 15    God:    Ignis [*****.]
Gold:   165        SH:  0    Dex:  8    Spells: 6/8 levels left

rFire   + + .      SeeInvis .    a - -1 spear (flame)
rCold   . . .      Faith    .    (no shield)
rNeg    . . .      Spirit   .    p - +0 swamp dragon scales
rPois   +          Reflect  .    (helmet restricted)
rElec   .          Rampage  .    i - +0 cloak
rCorr   .                        (no gloves)
Will    .....                    (no boots) Stlth
                                 (no amulet)
HPRegen 0.29/turn                v - ring of protection from fire
MPRegen 0.11/turn                (no ring)

@: lethally poisoned (-10 -> -13), very slightly contaminated
A: antennae 1, powered by death 3, spiny 1
a: Renounce Religion, Fiery Armour, Foxfire Swarm, Rising Flame


You were on level 4 of the Dungeon.
You worshipped Ignis.
Ignis was extremely pleased with you.
You visited 1 branch of the dungeon, and saw 4 of its levels.

You collected 165 gold pieces.

Inventory:

Hand Weapons
 a - a -1 spear of flaming (weapon)
Armour
 b - a +0 robe
 i - a +0 cloak (worn)
 p - +0 swamp dragon scales (worn)
Jewellery
 v - a ring of protection from fire (left hand)
Wands
 l - a wand of digging (4)
Scrolls
 c - 5 scrolls of identify {unknown}
 e - 3 scrolls of brand weapon {unknown}
 h - a scroll of poison {unknown}
 j - 4 scrolls of noise {unknown}
 m - 3 scrolls of teleportation {unknown}
 q - 4 scrolls of enchant weapon {unknown}
 r - a scroll of enchant armour {unknown}
 s - a scroll of immolation {unknown}
 u - a scroll of acquirement {unknown}
 w - a scroll of fear {unknown}
 x - a scroll of summoning {unknown}
 y - a scroll of amnesia {unknown}
 z - a scroll of torment {unknown}
Potions
 d - 2 potions of haste {unknown}
 f - 2 potions of might {unknown}
 g - 2 potions of brilliance {unknown}
 k - a potion of lignification {unknown}
 n - 2 potions of curing {unknown}
 o - a potion of degeneration {unknown}
 t - a potion of magic {unknown}


   Skills:
 + Level 5.7 Fighting
 * Level 7.0 Polearms
 - Level 1.0 Spellcasting
 - Level 2.6 Fire Magic


You had 6 spell levels left.
You knew the following spells:

 Your Spells              Type           Power      Damage    Failure   Level
a - Scorch                Fire           16%        2d5       22%         2

Your spell library contained the following spells:

 Spells                   Type           Power      Damage    Failure   Level


Dungeon Overview and Level Annotations

Branches:
Dungeon (4/15)
 Temple: D:4-7

Altars:

Shops:
D:2 (

Annotations:
D:4 Crazy Yiuf


Innate Abilities, Weirdness & Mutations

You have a pair of small antennae on your head.
You regenerate a lot of health from kills.
You are partially covered in sharp spines.


Message History

You kill Eustachio!
Your Polearms skill increases to level 7!
Things that are here:
a +0 falchion; a +0 leather armour You now have 165 gold pieces (gained 8).
Found a hammer.
Found a runed translucent door.
Crazy Yiuf shouts!
You open the door.
Casting: Scorch (safe; 22% risk of failure)
Confirm with . or Enter, or press ? or * to list all spells.
You miscast Scorch.
You are very lightly contaminated with residual magic.
Nothing appears to happen.
Crazy Yiuf is struck by your spines.
Crazy Yiuf hits you with a +3 quarterstaff of chaos.
You are poisoned.
Casting: Scorch (safe; 22% risk of failure)
Confirm with . or Enter, or press ? or * to list all spells.
Flames lash Crazy Yiuf.
Crazy Yiuf is heavily wounded.
Crazy Yiuf's fire resistance burns away.
You feel very sick.
Crazy Yiuf hits you with a +3 quarterstaff of chaos!
Casting: Scorch (safe; 22% risk of failure)
Confirm with . or Enter, or press ? or * to list all spells.
You miscast Scorch.
Nothing appears to happen.
You feel sick. Crazy Yiuf is struck by your spines.
Crazy Yiuf hits you with a +3 quarterstaff of chaos!
You convulse!
* * * LOW HITPOINT WARNING * * *
Casting: Scorch (safe; 22% risk of failure)
Confirm with . or Enter, or press ? or * to list all spells.
You miscast Scorch.
Nothing appears to happen.
You feel sick. Crazy Yiuf is struck by your spines.
Crazy Yiuf barely misses you.
You closely miss Crazy Yiuf.
Crazy Yiuf is almost dead.
You feel sick.
Crazy Yiuf hits you with a +3 quarterstaff of chaos!
* * * LOW HITPOINT WARNING * * *
You are electrocuted!
You die...

#...........
#...##.....
#.##....####
#... #.....
####+##....#
#.....
...........#
##### #####.
....5...####
#..)# #.
........####
#...#
#######.
...........#
... #.......
.K##.......#
#g# +.......
. #.......#
##@#
#.......
#.#####.#
#.##
#....... #.
.# ##.#
#.....#. #.
# #.##
##+##.#. #.
##.##
#.##.#. #.
#...##
#.##.#. #.
#.#..#
#.##.#.
#....#
#.##.#.
#....#
#.##.##


You could see Crazy Yiuf (combustible).

Vanquished Creatures
  Pikel (D:4)
  Eustachio (D:4)
  2 hounds (D:4)
  3 gnolls (D:4)
  2 adders
  A worm (D:3)
  7 orcs (D:3)
  8 bats
  3 endoplasms (D:1)
  2 giant cockroaches
  15 goblins
  8 hobgoblins
  8 jackals
  4 quokkas
  7 ball pythons
  5 frilled lizards
  4 kobolds
  2 rats (D:2)
83 creatures vanquished.

Notes
Turn   | Place    | Note
-------+----------+-------------------------------------------
     0 | D:1      | BubbleThief the Demonspawn Cinder Acolyte began the quest
                  | for the Orb.
     0 | D:1      | Reached XP level 1. HP: 18/18 MP: 2/2
   138 | D:1      | Reached skill level 3 in Polearms
   187 | D:1      | Found a faded altar of an unknown god.
   198 | D:1      | Gained mutation: You regenerate a little health from kills.
                  | [demonic ancestry]
   198 | D:1      | Reached XP level 2. HP: 24/24 MP: 3/3
   204 | D:1      | Learned a level 2 spell: Scorch
  1032 | D:2      | Gained mutation: You have a pair of small antennae on your
                  | head. [demonic ancestry]
  1032 | D:2      | Reached XP level 3. HP: 27/29 MP: 4/4
  1057 | D:2      | Found Yciom's Weapon Emporium.
  1884 | D:3      | Reached skill level 4 in Polearms
  1884 | D:3      | Gained mutation: You regenerate health from kills. [demonic
                  | ancestry]
  1884 | D:3      | Reached XP level 4. HP: 35/37 MP: 5/5
  2825 | D:4      | Gained mutation: You regenerate a lot of health from kills.
                  | [demonic ancestry]
  2825 | D:4      | Reached XP level 5. HP: 41/42 MP: 3/6
  2927 | D:4      | Noticed a lemure
  2927 | D:4      | Noticed a lemure
  2932 | D:4      | Noticed Pikel
  2968 | D:4      | Noticed a lemure
  2973 | D:4      | Noticed a lemure
  2991 | D:4      | Killed Pikel
  2992 | D:4      | Reached skill level 5 in Fighting
  2992 | D:4      | Reached skill level 6 in Polearms
  2992 | D:4      | Reached XP level 6. HP: 28/51 MP: 7/7
  2992 | D:4      | Gained mutation: You are partially covered in sharp spines.
                  | [demonic ancestry]
  2992 | D:4      | Reached XP level 7. HP: 31/56 MP: 8/8
  3129 | D:4      | Noticed Eustachio
  3141 | D:4      | Killed Eustachio
  3142 | D:4      | Reached skill level 7 in Polearms
  3173 | D:4      | Found a runed translucent door.
  3174 | D:4      | Noticed Crazy Yiuf
  3182 | D:4      | Mangled by Crazy Yiuf

Illustrated notes

Levels and vault maps discovered:
D:1:      dpeg_arrival_tiny_g, layout_basic,
          hellmonk_ecumenical_altar_arch_garden
D:2:      layout_basic, serial_shops, shop, minmay_goblin_outpost
D:3:      layout_basic, nrook_campfire, hangedman_decor_growths
D:4:      layout_basic, uniq_crazy_yiuf_cottage, uniq_pikel, uniq_eustachio

Skill      XL: |  1  2  3  4  5  6  7 |
---------------+----------------------+-----
Polearms       | 3 4 6 7 |  7.0
Fighting       | 4 5 |  5.7
Spellcasting   | |  1.0
Fire Magic     | |  2.6

Action                     |  1- 3 |  4- 6 |  7- 9 || total
---------------------------+-------+-------+-------++-------
  Melee: Spear             |   151 |   177 |    17 ||   345
         Punch             |     1 |     1 |       ||     2
   Cast: Scorch            |     3 |     6 |     1 ||    10
 Invoke: Fiery Armour      |     1 |     1 |       ||     2
 Armour: Robe              |    26 |       |       ||    26
         Swamp dragon scal |    19 |    47 |     3 ||    69
  Dodge: Dodged            |    63 |    65 |     6 ||   134

Table legend: (Time is in decaauts)
 A = Elapsed time spent in this place.
 B = Non-inter-level travel time spent in this place.
 C = Inter-level travel time spent in this place.
 D = Time resting spent in this place.
 E = Time spent auto-exploring this place.
 F = Levels seen in this place.
 G = Mean time per level.
                   A        B        C        D        E       F      G
               +--------+--------+--------+--------+--------+-----+--------+
         Total |   3145 |   3059 |     86 |      8 |   2382 |   4 |  786.2 |
       Dungeon |   3145 |   3059 |     86 |      8 |   2382 |   4 |  786.2 |
               +--------+--------+--------+--------+--------+-----+--------+

Top non-repeatable levels by time:
     D:2: 981 daAuts
     D:1: 788 daAuts
     D:3: 784 daAuts
     D:4: 591 daAuts
